Remparts vs Mulligans
Created - December 22, 2020 at 19:11
Goals
|
| Remparts |
1 |
2 |
0 |
3 |
| Mulligans |
0 |
1 |
1 |
2 |
|
Shots
|
| Remparts |
15 |
9 |
5 |
29 |
| Mulligans |
2 |
8 |
16 |
26 |
|
1st period
1. Remparts , Michael Latta 13 (Aaron Ekblad 19) at 7:07 (PP)
Penalties :
Brandon Carlo (Rep) for Hooking (Minor) at 6:27, Aleksander Barkov (Que) for Hooking (Minor) at 11:57
2nd period
2. Remparts , Cedric Paquette 5 (Jerry D'Amigo 9) at 2:16
3. Remparts , Michael Latta 14 (Griffin Reinhart 19, William Colbert 9) at 7:31 (PP)
4. Mulligans , Joonas Donskoi 10 (Ben Hutton 11, Sven Baertschi 9) at 17:10
Penalties :
Jake Virtanen (Que) for Holding (Minor) at 5:20, Sven Baertschi (Rep) for High sticking (Minor) at 6:01, Griffin Reinhart (Que) for High sticking (Minor) at 9:23, Griffin Reinhart (Que) for Slashing (Minor) at 17:32
3rd period
5. Mulligans , Anton Lander 9 (Ben Hutton 12) at 11:43
Penalties :
Sam Bennett (Rep) for Holding (Minor) at 0:41, Niklas Hansson (Que) for Holding Stick (Minor) at 6:11, William Colbert (Que) for Hooking (Minor) at 18:46
Goalie Stats
Igor Bobkov (Que), 24 saves from 26 shots - (0.923), W, 15-3-0, 60:00 minutes
Calvin Pickard (Rep), 26 saves from 29 shots - (0.897), L, 8-15-0, 58:56 minutes
Players Stats for Remparts
Player Name G A P +/- PIM S H SB GA TA FO MP PP MP PK MP
------------------------------------------------------------------------------------
Aaron Ekblad 0 1 1 -1 0 1 0 5 2 1 0/0 28:41 1:55 5:10
Aleksander Barkov 0 0 0 0 2 0 0 0 0 1 7/24 18:00 1:30 0:00
Cedric Paquette 1 0 1 1 0 3 1 0 0 0 0/0 9:13 0:06 1:37
Griffin Reinhart 0 1 1 0 4 0 0 1 0 1 0/0 19:28 0:56 1:10
Jake Virtanen 0 0 0 -1 2 3 1 0 1 0 0/1 14:08 1:21 0:00
Jerry D'Amigo 0 1 1 -1 0 2 1 0 1 0 2/2 10:34 0:00 0:00
John Draeger 0 0 0 0 0 0 3 1 1 0 0/0 15:00 0:00 4:48
Kirill Kaprizov 0 0 0 -1 0 0 1 0 0 0 0/0 12:30 0:06 1:35
Matt Puempel 0 0 0 -1 0 3 0 0 0 0 1/1 14:03 1:15 0:00
Michael Latta 2 0 2 -1 0 7 1 0 0 1 9/18 19:21 1:15 5:19
Michael McCarron 0 0 0 1 0 0 1 0 1 0 0/0 7:15 0:00 0:00
Michal Jordan 0 0 0 -1 0 2 2 2 0 1 0/0 22:36 1:55 0:41
Niklas Hansson 0 0 0 0 2 2 1 2 0 0 0/0 14:40 0:00 4:58
Pontus Aberg 0 0 0 0 0 1 2 1 0 0 1/2 20:31 1:30 2:54
Quinton Howden 0 0 0 -1 0 1 4 0 0 0 5/6 13:28 0:00 2:54
Roberts Lipsbergs 0 0 0 1 0 2 0 0 0 0 0/0 7:15 0:00 0:00
Tobias Rieder 0 0 0 0 0 2 4 3 1 0 1/1 22:32 1:30 5:21
William Colbert 0 1 1 0 2 0 2 2 0 0 0/0 19:31 0:56 2:53
Players Stats for Mulligans
Player Name G A P +/- PIM S H SB GA TA FO MP PP MP PK MP
------------------------------------------------------------------------------------
Anton Lander 1 0 1 1 0 4 3 1 1 1 21/33 22:32 5:46 1:33
Ben Hutton 0 2 2 2 0 3 2 1 2 1 0/0 28:30 5:37 1:18
Brandon Carlo 0 0 0 2 2 1 0 0 0 0 0/0 26:05 5:09 1:18
Brett Seney 0 0 0 0 0 1 0 0 0 0 0/0 8:26 0:00 0:09
Christian Wolanin 0 0 0 0 0 0 0 1 0 0 0/0 7:52 4:13 0:00
Conor Garland 0 0 0 0 0 0 0 0 0 1 0/0 8:17 0:00 0:00
Dalton Thrower 0 0 0 -1 0 1 2 1 0 1 0/0 15:16 0:00 1:33
Darren Dietz 0 0 0 -1 0 4 1 1 0 1 0/0 20:59 4:13 1:33
Ilya Lyubushkin 0 0 0 0 0 0 0 1 0 0 0/0 11:05 0:28 0:00
Jonny Brodzinski 0 0 0 0 0 1 0 0 0 0 3/4 8:17 0:00 0:00
Joonas Donskoi 1 0 1 0 0 1 0 1 0 1 0/0 13:36 3:31 0:00
Logan Shaw 0 0 0 1 0 2 3 1 0 0 1/2 22:33 5:42 1:32
Maxime Macenauer 0 0 0 0 0 2 3 0 0 1 1/4 17:59 4:00 0:43
Reid Boucher 0 0 0 0 0 0 3 0 0 0 0/0 11:05 0:00 0:47
Robbie Russo 0 0 0 0 0 0 0 1 0 0 0/0 10:12 0:00 0:00
Robby Fabbri 0 0 0 0 0 1 1 0 0 0 2/7 11:18 0:22 0:03
Sam Bennett 0 0 0 0 2 0 1 0 0 0 0/2 16:58 4:00 0:00
Sven Baertschi 0 1 1 1 2 4 1 0 2 0 1/1 20:58 5:45 0:52
Valeri Nichushkin 0 0 0 0 0 1 4 0 0 0 0/2 13:50 0:23 0:03
3 Stars
1 - Michael Latta (Que)
2 - Ben Hutton (Rep)
3 - Anton Lander (Rep)
Power Play
Remparts - 2 on 3 Attempt(s) - 66.67%
Mulligans - 0 on 6 Attempt(s) - 0.00%
Penalty Kill
Remparts - 6 on 6 Attempt(s) - 100.00%
- Score 0 goal in Penalty Kill
Mulligans - 1 on 3 Attempt(s) - 33.33%
- Score 0 goal in Penalty Kill
Team Stat
Remparts - Hits : 24 - Faceoff Wins : 26 - Blocked Shots : 17 - Penalty Minutes : 12
Mulligans - Hits : 24 - Faceoff Wins : 29 - Blocked Shots : 9 - Penalty Minutes : 6
Official
Referees : Unknown
Linesman : Unknown
Game Notes
No Game Note
Finance
Level 1 -- Attendance: 1908 (95.40%) -- Ticket Income $36,252
Level 2 -- Attendance: 1000 (100.00%) -- Ticket Income $9,000
Total Attendance: 2908 (96.93%)
Total Ticket Income: $45,252
Other Income: $2,263
Total Income: $47,515
Remparts
5 vs 5 Forward
Center Left Wing Right Wing Time % Phy DF OF
1 Aleksander Barkov Pontus Aberg Tobias Rieder 40 0 2 3
2 Michael Latta Matt Puempel Jake Virtanen 30 0 2 3
3 Quinton Howden Kirill Kaprizov Jerry D'Amigo 20 0 3 2
4 Cedric Paquette Roberts Lipsbergs Michael McCarron 10 1 2 2
5 vs 5 Defense
Defense Defense Time % Phy DF OF
1 Aaron Ekblad Michal Jordan 40 0 2 3
2 William Colbert Griffin Reinhart 30 0 2 3
3 Niklas Hansson John Draeger 20 1 2 2
4 Aaron Ekblad Griffin Reinhart 10 0 2 3
PowerPlay Forward
Center Left Wing Right Wing Time % Phy DF OF
1 Aleksander Barkov Pontus Aberg Tobias Rieder 60 0 1 4
2 Michael Latta Matt Puempel Jake Virtanen 40 0 1 4
PowerPlay Defense
Defense Defense Time % Phy DF OF
1 Aaron Ekblad Michal Jordan 60 0 2 3
2 Griffin Reinhart William Colbert 40 0 2 3
Penalty Kill 4 Players Forward
Center Wing Time % Phy DF OF
1 Michael Latta Tobias Rieder 60 1 3 1
2 Quinton Howden Pontus Aberg 40 1 3 1
Penalty Kill 4 Players Defense
Defense Defense Time % Phy DF OF
1 Aaron Ekblad Niklas Hansson 60 1 4 0
2 William Colbert John Draeger 40 1 4 0
Penalty Kill - 3 Players Forward
Forward Time % Phy DF OF
1 Michael Latta 60 1 3 1
2 Tobias Rieder 40 1 3 1
Penalty Kill - 3 Players Defense
Defense Defense Time % Phy DF OF
1 Niklas Hansson Aaron Ekblad 60 1 4 0
2 John Draeger William Colbert 40 1 4 0
4 vs 4 Forward
Center Wing Time % Phy DF OF
1 Aleksander Barkov Pontus Aberg 60 0 2 3
2 Michael Latta Tobias Rieder 40 0 2 3
4 vs 4 Defense
Defense Defense Time % Phy DF OF
1 Aaron Ekblad Michal Jordan 60 0 2 3
2 William Colbert Griffin Reinhart 40 0 2 3
Last Minutes Offensive
Center Left Wing Right Wing Defense Defense
Aleksander Barkov Pontus Aberg Tobias Rieder Aaron Ekblad Michal Jordan
Last Minutes Defensive
Center Left Wing Right Wing Defense Defense
Aleksander Barkov Pontus Aberg Tobias Rieder Aaron Ekblad Niklas Hansson
Goaltenders
Starting : Igor Bobkov
Backup : Garret Sparks
Extra Forwards
Normal : Jake Virtanen, Aleksander Barkov, Pontus Aberg - PP : Jake Virtanen, Aleksander Barkov - PK : Michael Latta
Extra Defensemen
Normal : Griffin Reinhart, Aaron Ekblad, Michal Jordan - PP : Niklas Hansson - PK : John Draeger, Aaron Ekblad
Penalty Shots
Aleksander Barkov, Jake Virtanen, Pontus Aberg, Quinton Howden, Tobias Rieder
Scratches
Viktor Baldayev (Healthy), Juuso Ikonen (Healthy), Michael Downing (Healthy), Keaton Thompson (Healthy), Kyle Platzer (Healthy)
Connor Honey (Healthy), Caleb Jones (Healthy), Lukas Vejdemo (Healthy), Kyle Capobianco (Healthy), Dmytro Timashov (Healthy)
Anton Zlobin (Healthy), Mitchell Heard (Healthy), Nelson Nogier (Healthy), Marek Langhamer (Healthy)
Mulligans
5 vs 5 Forward
Center Left Wing Right Wing Time % Phy DF OF
1 Anton Lander Sven Baertschi Logan Shaw 40 0 2 3
2 Maxime Macenauer Sam Bennett Valeri Nichushkin 30 0 2 3
3 Robby Fabbri Reid Boucher Joonas Donskoi 20 0 2 3
4 Jonny Brodzinski Brett Seney Conor Garland 10 1 2 2
5 vs 5 Defense
Defense Defense Time % Phy DF OF
1 Ben Hutton Brandon Carlo 40 1 3 1
2 Darren Dietz Dalton Thrower 30 1 3 1
3 Ilya Lyubushkin Robbie Russo 20 1 3 1
4 Christian Wolanin Ben Hutton 10 1 2 2
PowerPlay Forward
Center Left Wing Right Wing Time % Phy DF OF
1 Anton Lander Sven Baertschi Logan Shaw 60 0 1 4
2 Maxime Macenauer Sam Bennett Joonas Donskoi 40 0 1 4
PowerPlay Defense
Defense Defense Time % Phy DF OF
1 Ben Hutton Brandon Carlo 60 0 2 3
2 Darren Dietz Christian Wolanin 40 0 2 3
Penalty Kill 4 Players Forward
Center Wing Time % Phy DF OF
1 Anton Lander Logan Shaw 60 1 2 2
2 Maxime Macenauer Sven Baertschi 40 1 2 2
Penalty Kill 4 Players Defense
Defense Defense Time % Phy DF OF
1 Ben Hutton Brandon Carlo 60 1 2 2
2 Darren Dietz Dalton Thrower 40 1 2 2
Penalty Kill - 3 Players Forward
Forward Time % Phy DF OF
1 Anton Lander 60 1 2 2
2 Logan Shaw 40 1 2 2
Penalty Kill - 3 Players Defense
Defense Defense Time % Phy DF OF
1 Ben Hutton Brandon Carlo 60 1 2 2
2 Darren Dietz Dalton Thrower 40 1 2 2
4 vs 4 Forward
Center Wing Time % Phy DF OF
1 Anton Lander Logan Shaw 60 1 2 2
2 Maxime Macenauer Sven Baertschi 40 1 2 2
4 vs 4 Defense
Defense Defense Time % Phy DF OF
1 Ben Hutton Brandon Carlo 60 1 2 2
2 Darren Dietz Dalton Thrower 40 1 2 2
Last Minutes Offensive
Center Left Wing Right Wing Defense Defense
Anton Lander Sven Baertschi Logan Shaw Ben Hutton Brandon Carlo
Last Minutes Defensive
Center Left Wing Right Wing Defense Defense
Anton Lander Sven Baertschi Logan Shaw Ben Hutton Brandon Carlo
Goaltenders
Starting : Calvin Pickard
Backup : Juuse Saros
Extra Forwards
Normal : Robby Fabbri, Valeri Nichushkin, Reid Boucher - PP : Robby Fabbri, Valeri Nichushkin - PK : Reid Boucher
Extra Defensemen
Normal : Ilya Lyubushkin, Brandon Carlo, Christian Wolanin - PP : Ilya Lyubushkin - PK : Ben Hutton, Christian Wolanin
Penalty Shots
Anton Lander, Logan Shaw, Maxime Macenauer, Sven Baertschi, Joonas Donskoi
Scratches
Cristiano Digiacinto (Healthy)
% Time on Ice - Remparts
Lines # - Real PCT - Wanted PCT - Time Play
Normal Forward
1 - 33% - 40% - 15:24
2 - 28% - 30% - 12:48
3 - 23% - 20% - 10:34
4 - 16% - 10% - 7:15
Normal Defense
1 - 41% - 40% - 19:01
2 - 34% - 30% - 15:31
3 - 21% - 20% - 9:36
4 - 4% - 10% - 1:53
PP Forward
1 - 56% - 60% - 1:36
2 - 44% - 40% - 1:15
PP Defense
1 - 67% - 60% - 1:55
2 - 33% - 40% - 0:56
PK Forward
1 - 71% - 60% - 6:56
2 - 29% - 40% - 2:54
PK Defense
1 - 60% - 60% - 5:56
2 - 40% - 40% - 3:54
PK3 Forward
1 - 0% - 60%
2 - 0% - 40%
PK3 Defense
1 - 0% - 60%
2 - 0% - 40%
44 Forward
1 - 74% - 60% - 0:58
2 - 26% - 40% - 0:20
44 Defense
1 - 85% - 60% - 1:06
2 - 15% - 40% - 0:12
Last Minute Offensive - 0:00
Last Minute Defensive - 0:00
Total
Forward - 60:00
Defense - 60:00
|
% Time on Ice - Mulligans
Lines # - Real PCT - Wanted PCT - Time Play
Normal Forward
1 - 32% - 40% - 14:30
2 - 28% - 30% - 12:56
3 - 22% - 20% - 10:18
4 - 18% - 10% - 8:17
Normal Defense
1 - 42% - 40% - 19:07
2 - 32% - 30% - 14:52
3 - 22% - 20% - 10:12
4 - 4% - 10% - 1:50
PP Forward
1 - 59% - 60% - 5:50
2 - 41% - 40% - 4:00
PP Defense
1 - 57% - 60% - 5:37
2 - 43% - 40% - 4:13
PK Forward
1 - 85% - 60% - 2:25
2 - 15% - 40% - 0:26
PK Defense
1 - 46% - 60% - 1:18
2 - 54% - 40% - 1:33
PK3 Forward
1 - 0% - 60%
2 - 0% - 40%
PK3 Defense
1 - 0% - 60%
2 - 0% - 40%
44 Forward
1 - 74% - 60% - 0:58
2 - 26% - 40% - 0:20
44 Defense
1 - 49% - 60% - 0:38
2 - 51% - 40% - 0:40
Last Minute Offensive - 0:00
Last Minute Defensive - 0:00
Total
Forward - 60:00
Defense - 60:00
|
Play-by-Play
1st period
0:01 of 1st period - Anton Lander wins face-off versus Aleksander Barkov in neutral zone.
0:04 of 1st period - Wrist shot by Logan Shaw.
0:04 of 1st period - Shot Blocked by Michal Jordan.
0:06 of 1st period - Snap shot by Sven Baertschi.
0:06 of 1st period - Shot Blocked by Tobias Rieder.
0:08 of 1st period - Slapshot by Ben Hutton.
0:08 of 1st period - Shot Misses the Net.
0:26 of 1st period - Michal Jordan is hit by Valeri Nichushkin and loses puck.
1:15 of 1st period - Snap shot by Michal Jordan.
1:15 of 1st period - Shot Blocked by Robbie Russo.
1:17 of 1st period - Wrist shot by Roberts Lipsbergs.
1:17 of 1st period - Stopped by Calvin Pickard without a rebound.
1:18 of 1st period - Anton Lander wins face-off versus Aleksander Barkov in Mulligans zone.
2:24 of 1st period - Cedric Paquette is hit by Reid Boucher and loses puck.
2:33 of 1st period - Reid Boucher is hit by John Draeger and loses puck.
3:06 of 1st period - Sven Baertschi is hit by Jake Virtanen and loses puck.
3:48 of 1st period - Slapshot by Ben Hutton.
3:48 of 1st period - Shot Blocked by Michal Jordan.
3:58 of 1st period - Wrist shot by Brett Seney.
3:58 of 1st period - Shot Misses the Net.
4:20 of 1st period - Wrist shot by Michael Latta.
4:20 of 1st period - Stopped by Calvin Pickard with a rebound.
4:36 of 1st period - Valeri Nichushkin is hit by John Draeger and loses puck.
4:48 of 1st period - Off-side.
4:49 of 1st period - Robby Fabbri wins face-off versus Quinton Howden in neutral zone.
4:58 of 1st period - Snap shot by Reid Boucher.
4:58 of 1st period - Shot Misses the Net.
5:14 of 1st period - Tobias Rieder is hit by Logan Shaw and loses puck.
5:42 of 1st period - Icing by Robbie Russo.
5:43 of 1st period - Michael Latta wins face-off versus Maxime Macenauer in Mulligans zone.
5:44 of 1st period - Snap shot by Matt Puempel.
5:44 of 1st period - Stopped by Calvin Pickard without a rebound.
5:45 of 1st period - Anton Lander wins face-off versus Michael Latta in Mulligans zone.
6:00 of 1st period - Snap shot by Michael Latta.
6:00 of 1st period - Stopped by Calvin Pickard with a rebound.
6:27 of 1st period - Minor Penalty to Brandon Carlo for Hooking.
6:28 of 1st period - Anton Lander wins face-off versus Pontus Aberg in Mulligans zone.
6:37 of 1st period - Snap shot by Tobias Rieder.
6:37 of 1st period - Stopped by Calvin Pickard with a rebound.
7:07 of 1st period - Snap shot by Michael Latta.
7:07 of 1st period - Goal by Michael Latta - Remparts : 1 - Mulligans : 0.
7:08 of 1st period - Anton Lander wins face-off versus Aleksander Barkov in neutral zone.
7:11 of 1st period - Wrist shot by Anton Lander.
7:11 of 1st period - Stopped by Igor Bobkov without a rebound.
7:12 of 1st period - Anton Lander wins face-off versus Aleksander Barkov in Remparts zone.
7:47 of 1st period - Snap shot by Maxime Macenauer.
7:47 of 1st period - Shot Blocked by Aaron Ekblad.
8:05 of 1st period - Robby Fabbri is hit by Quinton Howden.
8:24 of 1st period - Snap shot by Roberts Lipsbergs.
8:24 of 1st period - Stopped by Calvin Pickard without a rebound.
8:25 of 1st period - Anton Lander wins face-off versus Aleksander Barkov in Mulligans zone.
8:41 of 1st period - Off-side.
8:42 of 1st period - Michael Latta wins face-off versus Valeri Nichushkin in neutral zone.
8:47 of 1st period - Slapshot by Jake Virtanen.
8:47 of 1st period - Stopped by Calvin Pickard with a rebound.
9:40 of 1st period - Quinton Howden is hit by Ben Hutton.
10:14 of 1st period - Snap shot by Matt Puempel.
10:14 of 1st period - Shot Blocked by Ilya Lyubushkin.
10:36 of 1st period - Darren Dietz is hit by Tobias Rieder and loses puck.
10:58 of 1st period - Joonas Donskoi is hit by Jerry D'Amigo and loses puck.
11:17 of 1st period - Slapshot by Griffin Reinhart.
11:17 of 1st period - Shot Blocked by Ben Hutton.
11:19 of 1st period - Wrist shot by Cedric Paquette.
11:19 of 1st period - Stopped by Calvin Pickard with a rebound.
11:21 of 1st period - Slapshot by Cedric Paquette.
11:21 of 1st period - Shot Blocked by Christian Wolanin.
11:23 of 1st period - Slapshot by Griffin Reinhart.
11:23 of 1st period - Shot Misses the Net.
11:37 of 1st period - Slapshot by Ben Hutton.
11:37 of 1st period - Stopped by Igor Bobkov with a rebound.
11:52 of 1st period - Snap shot by Robby Fabbri.
11:52 of 1st period - Shot Blocked by Pontus Aberg.
11:57 of 1st period - Minor Penalty to Aleksander Barkov for Hooking.
11:58 of 1st period - Michael Latta wins face-off versus Logan Shaw in Remparts zone.
12:06 of 1st period - Wrist shot by Logan Shaw.
12:06 of 1st period - Shot Misses the Net.
12:16 of 1st period - John Draeger is hit by Anton Lander and loses puck.
12:29 of 1st period - Brandon Carlo is hit by Tobias Rieder and loses puck.
13:29 of 1st period - Christian Wolanin is hit by Pontus Aberg and loses puck.
13:36 of 1st period - William Colbert is hit by Maxime Macenauer.
13:57 of 1st period - Penalty to Aleksander Barkov is over, Aleksander Barkov is back on ice.
14:05 of 1st period - Darren Dietz is hit by Cedric Paquette and loses puck.
14:18 of 1st period - Snap shot by Quinton Howden.
14:18 of 1st period - Shot Misses the Net.
14:22 of 1st period - Snap shot by Jerry D'Amigo.
14:22 of 1st period - Stopped by Calvin Pickard with a rebound.
17:16 of 1st period - Snap shot by Cedric Paquette.
17:16 of 1st period - Stopped by Calvin Pickard with a rebound.
17:18 of 1st period - Slapshot by Michal Jordan.
17:18 of 1st period - Deflect By Brett Seney.
17:18 of 1st period - Stopped by Calvin Pickard without a rebound.
17:19 of 1st period - Jonny Brodzinski wins face-off versus Michael Latta in Mulligans zone.
17:43 of 1st period - Brandon Carlo is hit by Quinton Howden and loses puck.
17:50 of 1st period - Snap shot by Quinton Howden.
17:50 of 1st period - Shot Misses the Net.
17:52 of 1st period - Snap shot by Jerry D'Amigo.
17:52 of 1st period - Shot Misses the Net.
17:54 of 1st period - Slapshot by Niklas Hansson.
17:54 of 1st period - Stopped by Calvin Pickard without a rebound.
17:55 of 1st period - Anton Lander wins face-off versus Aleksander Barkov in Mulligans zone.
18:00 of 1st period - Slapshot by Logan Shaw.
18:00 of 1st period - Shot Blocked by Niklas Hansson.
18:08 of 1st period - Wrist shot by Aleksander Barkov.
18:08 of 1st period - Shot Blocked by Logan Shaw.
18:10 of 1st period - Slapshot by Niklas Hansson.
18:10 of 1st period - Stopped by Calvin Pickard without a rebound.
18:11 of 1st period - Michael Latta wins face-off versus Sam Bennett in Mulligans zone.
18:22 of 1st period - Wrist shot by Jake Virtanen.
18:22 of 1st period - Deflect By Michael Latta.
18:22 of 1st period - Stopped by Calvin Pickard without a rebound.
18:23 of 1st period - Aleksander Barkov wins face-off versus Anton Lander in Mulligans zone.
Goals for this period are 1 for Remparts vs 0 for Mulligans.
Shots for this period are 15 for Remparts vs 2 for Mulligans.
2nd period
0:01 of 2nd period - Tobias Rieder wins face-off versus Anton Lander in neutral zone.
0:06 of 2nd period - Snap shot by Aaron Ekblad.
0:06 of 2nd period - Shot Misses the Net.
0:26 of 2nd period - Jake Virtanen is hit by Maxime Macenauer and loses puck.
0:54 of 2nd period - Slapshot by Michael Latta.
0:54 of 2nd period - Stopped by Calvin Pickard with a rebound.
0:56 of 2nd period - Snap shot by Michael Latta.
0:56 of 2nd period - Shot Misses the Net.
0:58 of 2nd period - Slapshot by Matt Puempel.
0:58 of 2nd period - Shot Misses the Net.
1:00 of 2nd period - Wrist shot by Matt Puempel.
1:00 of 2nd period - Stopped by Calvin Pickard with a rebound.
1:02 of 2nd period - Wrist shot by Michael Latta.
1:02 of 2nd period - Stopped by Calvin Pickard without a rebound.
1:03 of 2nd period - Pontus Aberg wins face-off versus Anton Lander in Mulligans zone.
1:12 of 2nd period - Slapshot by Ben Hutton.
1:12 of 2nd period - Stopped by Igor Bobkov without a rebound.
1:13 of 2nd period - Anton Lander wins face-off versus Aleksander Barkov in Remparts zone.
1:14 of 2nd period - Snap shot by Sven Baertschi.
1:14 of 2nd period - Shot Blocked by Griffin Reinhart.
1:30 of 2nd period - Slapshot by Anton Lander.
1:30 of 2nd period - Stopped by Igor Bobkov without a rebound.
1:31 of 2nd period - Maxime Macenauer wins face-off versus Jake Virtanen in Remparts zone.
1:56 of 2nd period - Aaron Ekblad is hit by Logan Shaw and loses puck.
2:16 of 2nd period - Wrist shot by Cedric Paquette.
2:16 of 2nd period - Goal by Cedric Paquette - Remparts : 2 - Mulligans : 0.
2:17 of 2nd period - Anton Lander wins face-off versus Aleksander Barkov in neutral zone.
3:09 of 2nd period - Valeri Nichushkin is hit by Michal Jordan and loses puck.
3:22 of 2nd period - Michal Jordan is hit by Valeri Nichushkin and loses puck.
3:36 of 2nd period - Icing by Kirill Kaprizov.
3:37 of 2nd period - Quinton Howden wins face-off versus Anton Lander in Remparts zone.
4:02 of 2nd period - Pontus Aberg is hit by Reid Boucher and loses puck.
4:35 of 2nd period - Snap shot by Robby Fabbri.
4:35 of 2nd period - Stopped by Igor Bobkov without a rebound.
4:36 of 2nd period - Anton Lander wins face-off versus Aleksander Barkov in Remparts zone.
4:47 of 2nd period - Snap shot by Sven Baertschi.
4:47 of 2nd period - Shot Misses the Net.
4:53 of 2nd period - Sven Baertschi is hit by Tobias Rieder and loses puck.
5:20 of 2nd period - Minor Penalty to Jake Virtanen for Holding.
5:21 of 2nd period - Anton Lander wins face-off versus Michael Latta in Remparts zone.
5:28 of 2nd period - Snap shot by Sven Baertschi.
5:28 of 2nd period - Stopped by Igor Bobkov without a rebound.
5:29 of 2nd period - Anton Lander wins face-off versus Michael Latta in Remparts zone.
5:32 of 2nd period - Wrist shot by Anton Lander.
5:32 of 2nd period - Shot Blocked by Aaron Ekblad.
5:34 of 2nd period - Wrist shot by Sven Baertschi.
5:34 of 2nd period - Shot Blocked by Aaron Ekblad.
5:36 of 2nd period - Slapshot by Ben Hutton.
5:36 of 2nd period - Shot Blocked by Niklas Hansson.
5:42 of 2nd period - Wrist shot by Logan Shaw.
5:42 of 2nd period - Shot Misses the Net.
5:44 of 2nd period - Slapshot by Brandon Carlo.
5:44 of 2nd period - Stopped by Igor Bobkov without a rebound.
5:45 of 2nd period - Anton Lander wins face-off versus Michael Latta in Remparts zone.
6:01 of 2nd period - Minor Penalty to Sven Baertschi for High sticking.
6:02 of 2nd period - Aleksander Barkov wins face-off versus Anton Lander in Mulligans zone.
6:06 of 2nd period - Wrist shot by Pontus Aberg.
6:06 of 2nd period - Stopped by Calvin Pickard with a rebound.
6:48 of 2nd period - Wrist shot by Michael Latta.
6:48 of 2nd period - Shot Blocked by Dalton Thrower.
6:56 of 2nd period - Slapshot by Maxime Macenauer.
6:56 of 2nd period - Shot Misses the Net.
7:20 of 2nd period - Penalty to Jake Virtanen is over, Jake Virtanen is back on ice.
7:31 of 2nd period - Slapshot by Michael Latta.
7:31 of 2nd period - Goal by Michael Latta - Remparts : 3 - Mulligans : 0.
7:32 of 2nd period - Anton Lander wins face-off versus Aleksander Barkov in neutral zone.
7:41 of 2nd period - Snap shot by Logan Shaw.
7:41 of 2nd period - Shot Blocked by William Colbert.
7:58 of 2nd period - Maxime Macenauer is hit by Michael Latta and loses puck.
8:31 of 2nd period - Wrist shot by Reid Boucher.
8:31 of 2nd period - Shot Blocked by Aaron Ekblad.
8:33 of 2nd period - Wrist shot by Joonas Donskoi.
8:33 of 2nd period - Shot Misses the Net.
9:23 of 2nd period - Minor Penalty to Griffin Reinhart for High sticking.
9:24 of 2nd period - Logan Shaw wins face-off versus Michael Latta in Remparts zone.
9:27 of 2nd period - Snap shot by Logan Shaw.
9:27 of 2nd period - Stopped by Igor Bobkov without a rebound.
9:28 of 2nd period - Michael Latta wins face-off versus Anton Lander in Remparts zone.
11:23 of 2nd period - Penalty to Griffin Reinhart is over, Griffin Reinhart is back on ice.
11:41 of 2nd period - Kirill Kaprizov is hit by Robby Fabbri.
12:30 of 2nd period - Wrist shot by Jake Virtanen.
12:30 of 2nd period - Shot Misses the Net.
13:11 of 2nd period - Quinton Howden is hit by Dalton Thrower and loses puck.
13:22 of 2nd period - Quinton Howden is hit by Logan Shaw and loses puck.
13:43 of 2nd period - Snap shot by Jake Virtanen.
13:43 of 2nd period - Stopped by Calvin Pickard without a rebound.
13:44 of 2nd period - Michael Latta wins face-off versus Robby Fabbri in Mulligans zone.
13:45 of 2nd period - Slapshot by Matt Puempel.
13:45 of 2nd period - Stopped by Calvin Pickard with a rebound.
13:47 of 2nd period - Snap shot by Matt Puempel.
13:47 of 2nd period - Shot Misses the Net.
13:49 of 2nd period - Slapshot by Michal Jordan.
13:49 of 2nd period - Shot Misses the Net.
13:53 of 2nd period - Wrist shot by Michael Latta.
13:53 of 2nd period - Shot Blocked by Joonas Donskoi.
14:27 of 2nd period - Tobias Rieder is hit by Dalton Thrower and loses puck.
14:51 of 2nd period - Slapshot by Michael Latta.
14:51 of 2nd period - Shot Misses the Net.
14:53 of 2nd period - Wrist shot by Jake Virtanen.
14:53 of 2nd period - Stopped by Calvin Pickard with a rebound.
15:39 of 2nd period - Slapshot by Jerry D'Amigo.
15:39 of 2nd period - Shot Misses the Net.
15:51 of 2nd period - Snap shot by William Colbert.
15:51 of 2nd period - Shot Misses the Net.
16:51 of 2nd period - Tobias Rieder is hit by Ben Hutton and loses puck.
17:10 of 2nd period - Wrist shot by Joonas Donskoi.
17:10 of 2nd period - Goal by Joonas Donskoi - Remparts : 3 - Mulligans : 1.
17:11 of 2nd period - Sven Baertschi wins face-off versus Aleksander Barkov in neutral zone.
17:32 of 2nd period - Minor Penalty to Griffin Reinhart for Slashing.
17:33 of 2nd period - Anton Lander wins face-off versus Michael Latta in Remparts zone.
17:44 of 2nd period - Snap shot by Darren Dietz.
17:44 of 2nd period - Stopped by Igor Bobkov with a rebound.
17:48 of 2nd period - Snap shot by Logan Shaw.
17:48 of 2nd period - Shot Blocked by Tobias Rieder.
18:59 of 2nd period - Kirill Kaprizov is hit by Sam Bennett and loses puck.
19:32 of 2nd period - Penalty to Griffin Reinhart is over, Griffin Reinhart is back on ice.
19:52 of 2nd period - Brett Seney is hit by Quinton Howden.
Goals for this period are 2 for Remparts vs 1 for Mulligans.
Shots for this period are 9 for Remparts vs 8 for Mulligans.
3rd period
0:01 of 3rd period - Aleksander Barkov wins face-off versus Anton Lander in neutral zone.
0:26 of 3rd period - Michal Jordan is hit by Valeri Nichushkin and loses puck.
0:41 of 3rd period - Minor Penalty to Sam Bennett for Holding.
0:42 of 3rd period - Aleksander Barkov wins face-off versus Anton Lander in Mulligans zone.
0:43 of 3rd period - Slapshot by Pontus Aberg.
0:43 of 3rd period - Shot Blocked by Anton Lander.
0:45 of 3rd period - Wrist shot by Pontus Aberg.
0:45 of 3rd period - Shot Misses the Net.
0:47 of 3rd period - Slapshot by Michal Jordan.
0:47 of 3rd period - Stopped by Calvin Pickard without a rebound.
0:48 of 3rd period - Anton Lander wins face-off versus Aleksander Barkov in Mulligans zone.
2:41 of 3rd period - Penalty to Sam Bennett is over, Sam Bennett is back on ice.
2:46 of 3rd period - Off-side.
2:47 of 3rd period - Jerry D'Amigo wins face-off versus Jonny Brodzinski in neutral zone.
3:18 of 3rd period - Slapshot by Darren Dietz.
3:18 of 3rd period - Stopped by Igor Bobkov with a rebound.
3:54 of 3rd period - Darren Dietz is hit by Tobias Rieder and loses puck.
3:58 of 3rd period - Icing by Sven Baertschi.
3:59 of 3rd period - Anton Lander wins face-off versus Aleksander Barkov in Mulligans zone.
4:04 of 3rd period - Michal Jordan is hit by Sven Baertschi and loses puck.
4:17 of 3rd period - Slapshot by Ben Hutton.
4:17 of 3rd period - Stopped by Igor Bobkov without a rebound.
4:18 of 3rd period - Matt Puempel wins face-off versus Maxime Macenauer in Remparts zone.
4:18 of 3rd period - Aaron Ekblad is hit by Maxime Macenauer and loses puck.
4:33 of 3rd period - Slapshot by Sam Bennett.
4:33 of 3rd period - Shot Misses the Net.
5:08 of 3rd period - Michael McCarron is hit by Reid Boucher and loses puck.
5:25 of 3rd period - Slapshot by Sam Bennett.
5:25 of 3rd period - Shot Misses the Net.
5:27 of 3rd period - Snap shot by Sam Bennett.
5:27 of 3rd period - Shot Misses the Net.
5:29 of 3rd period - Slapshot by Robbie Russo.
5:29 of 3rd period - Shot Misses the Net.
5:39 of 3rd period - Ilya Lyubushkin is hit by Kirill Kaprizov.
6:01 of 3rd period - Wrist shot by Jonny Brodzinski.
6:01 of 3rd period - Deflect By Brett Seney.
6:01 of 3rd period - Deflect By Tobias Rieder.
6:01 of 3rd period - Shot Blocked by John Draeger.
6:01 of 3rd period - Puck is out of play.
6:02 of 3rd period - Jonny Brodzinski wins face-off versus Aleksander Barkov in Remparts zone.
6:09 of 3rd period - Snap shot by Jonny Brodzinski.
6:09 of 3rd period - Stopped by Igor Bobkov with a rebound.
6:11 of 3rd period - Minor Penalty to Niklas Hansson for Holding Stick.
6:12 of 3rd period - Michael Latta wins face-off versus Anton Lander in Remparts zone.
6:12 of 3rd period - Michael Latta is hit by Anton Lander.
7:24 of 3rd period - Tobias Rieder is hit by Anton Lander and loses puck.
8:11 of 3rd period - Penalty to Niklas Hansson is over, Niklas Hansson is back on ice.
8:23 of 3rd period - Conor Garland is hit by Niklas Hansson and loses puck.
8:55 of 3rd period - Michael McCarron is hit by Valeri Nichushkin.
9:24 of 3rd period - Brandon Carlo is hit by Quinton Howden and loses puck.
9:56 of 3rd period - Icing by Pontus Aberg.
9:57 of 3rd period - Robby Fabbri wins face-off versus Aleksander Barkov in Remparts zone.
10:21 of 3rd period - Icing by Jonny Brodzinski.
10:22 of 3rd period - Jonny Brodzinski wins face-off versus Michael Latta in Mulligans zone.
10:41 of 3rd period - Wrist shot by Conor Garland.
10:41 of 3rd period - Shot Misses the Net.
10:43 of 3rd period - Snap shot by Conor Garland.
10:43 of 3rd period - Shot Misses the Net.
10:53 of 3rd period - Wrist shot by Brett Seney.
10:53 of 3rd period - Stopped by Igor Bobkov without a rebound.
10:54 of 3rd period - Anton Lander wins face-off versus Aleksander Barkov in Remparts zone.
10:55 of 3rd period - Snap shot by Sven Baertschi.
10:55 of 3rd period - Stopped by Igor Bobkov with a rebound.
10:57 of 3rd period - Snap shot by Sven Baertschi.
10:57 of 3rd period - Stopped by Igor Bobkov without a rebound.
10:58 of 3rd period - Anton Lander wins face-off versus Aleksander Barkov in Remparts zone.
11:43 of 3rd period - Slapshot by Anton Lander.
11:43 of 3rd period - Goal by Anton Lander - Remparts : 3 - Mulligans : 2.
11:44 of 3rd period - Aleksander Barkov wins face-off versus Maxime Macenauer in neutral zone.
11:51 of 3rd period - Slapshot by Tobias Rieder.
11:51 of 3rd period - Stopped by Calvin Pickard with a rebound.
11:58 of 3rd period - Off-side.
11:59 of 3rd period - Anton Lander wins face-off versus Michael Latta in neutral zone.
12:12 of 3rd period - Slapshot by Matt Puempel.
12:12 of 3rd period - Shot Misses the Net.
12:14 of 3rd period - Slapshot by Aaron Ekblad.
12:14 of 3rd period - Stopped by Calvin Pickard without a rebound.
12:15 of 3rd period - Aleksander Barkov wins face-off versus Sam Bennett in Mulligans zone.
12:48 of 3rd period - Snap shot by Michael Latta.
12:48 of 3rd period - Shot Misses the Net.
13:02 of 3rd period - Snap shot by Jerry D'Amigo.
13:02 of 3rd period - Shot Blocked by Darren Dietz.
13:28 of 3rd period - Darren Dietz is hit by Michael McCarron and loses puck.
14:05 of 3rd period - Wrist shot by Quinton Howden.
14:05 of 3rd period - Shot Misses the Net.
14:07 of 3rd period - Snap shot by Jerry D'Amigo.
14:07 of 3rd period - Stopped by Calvin Pickard with a rebound.
14:09 of 3rd period - Snap shot by Quinton Howden.
14:09 of 3rd period - Stopped by Calvin Pickard without a rebound.
14:10 of 3rd period - Quinton Howden wins face-off versus Anton Lander in Mulligans zone.
14:58 of 3rd period - Snap shot by Maxime Macenauer.
14:58 of 3rd period - Stopped by Igor Bobkov without a rebound.
14:59 of 3rd period - Michael Latta wins face-off versus Valeri Nichushkin in Remparts zone.
15:34 of 3rd period - Snap shot by Maxime Macenauer.
15:34 of 3rd period - Stopped by Igor Bobkov without a rebound.
15:35 of 3rd period - Jerry D'Amigo wins face-off versus Robby Fabbri in Remparts zone.
16:00 of 3rd period - Joonas Donskoi is hit by Pontus Aberg and loses puck.
16:21 of 3rd period - Slapshot by Darren Dietz.
16:21 of 3rd period - Deflect By Aaron Ekblad.
16:21 of 3rd period - Stopped by Igor Bobkov with a rebound.
16:23 of 3rd period - Snap shot by Logan Shaw.
16:23 of 3rd period - Stopped by Igor Bobkov with a rebound.
16:25 of 3rd period - Snap shot by Dalton Thrower.
16:25 of 3rd period - Stopped by Igor Bobkov with a rebound.
16:27 of 3rd period - Snap shot by Sven Baertschi.
16:27 of 3rd period - Stopped by Igor Bobkov without a rebound.
16:28 of 3rd period - Quinton Howden wins face-off versus Anton Lander in Remparts zone.
16:47 of 3rd period - Brandon Carlo is hit by William Colbert and loses puck.
16:57 of 3rd period - Ben Hutton is hit by William Colbert and loses puck.
17:00 of 3rd period - Snap shot by Sam Bennett.
17:00 of 3rd period - Shot Blocked by William Colbert.
17:02 of 3rd period - Snap shot by Valeri Nichushkin.
17:02 of 3rd period - Stopped by Igor Bobkov with a rebound.
17:04 of 3rd period - Slapshot by Ben Hutton.
17:04 of 3rd period - Deflect By Sam Bennett.
17:04 of 3rd period - Shot Blocked by Tobias Rieder.
17:04 of 3rd period - Puck is out of play.
17:05 of 3rd period - Aleksander Barkov wins face-off versus Robby Fabbri in Remparts zone.
17:14 of 3rd period - Wrist shot by Joonas Donskoi.
17:14 of 3rd period - Shot Misses the Net.
17:16 of 3rd period - Wrist shot by Darren Dietz.
17:16 of 3rd period - Stopped by Igor Bobkov without a rebound.
17:17 of 3rd period - Quinton Howden wins face-off versus Robby Fabbri in Remparts zone.
17:22 of 3rd period - Snap shot by Robby Fabbri.
17:22 of 3rd period - Deflect By Joonas Donskoi.
17:22 of 3rd period - Deflect By Aaron Ekblad.
17:22 of 3rd period - Shot Misses the Net.
17:22 of 3rd period - Puck is out of play.
17:23 of 3rd period - Quinton Howden wins face-off versus Robby Fabbri in Remparts zone.
17:48 of 3rd period - Snap shot by Anton Lander.
17:48 of 3rd period - Stopped by Igor Bobkov with a rebound.
17:50 of 3rd period - Wrist shot by Sven Baertschi.
17:50 of 3rd period - Shot Blocked by Aaron Ekblad.
18:10 of 3rd period - Valeri Nichushkin is hit by Michal Jordan and loses puck.
18:46 of 3rd period - Minor Penalty to William Colbert for Hooking.
18:47 of 3rd period - Michael Latta wins face-off versus Anton Lander in Remparts zone.
18:56 of 3rd period - Mulligans, Calvin Pickard is pulled from the net.
19:32 of 3rd period - Pontus Aberg is hit by Darren Dietz and loses puck.
19:43 of 3rd period - Sam Bennett is hit by John Draeger and loses puck.
Goals for this period are 0 for Remparts vs 1 for Mulligans.
Shots for this period are 5 for Remparts vs 16 for Mulligans.